 Dungeon Sprint DCSS version 0.31.0-11-ge490571c62 (webtiles) character file.

Game seed: 8554432601648822365

62 DiggyJ the Ruffian (level 4, -8/31 HPs)
             Began as a Gargoyle Monk on Jan 31, 2024.
             Mangled by an iguana (11 damage)
             ... in the Dungeon (Sprint IX: "|||||||||||||||||||||||||||||").
             The game lasted 00:00:17 (79 turns).

DiggyJ the Ruffian (Gargoyle Monk)                    Turns: 79, Time: 00:00:18

Health: -8/31      AC:  5    Str: 17    XL:     4   Next: 8%
Magic:  4/4        EV: 13    Int: 10    God:
Gold:   0          SH:  0    Dex: 12    Spells: 3/3 levels left

rFire   . .          .
                       - Unarmed
rCold   . . .        c - orb {light}
rNeg    + . .        a - +0 robe
rPois   ∞            (no helmet)
rElec   +            (no cloak)
rCorr   .            (no gloves)
SInv    .            (no boots)
Will    .....        (no amulet)
Stlth   +            (no ring)
HPRegen 0.25/turn    (no ring)
MPRegen 0.09/turn

%: no teleportation
@: glowing
A: sickness immunity, AC +3, negative energy resistance 1, electricity
resistance, torment resistance 1, petrification resistance
a: no special abilities


You were in the Dungeon.
You visited 1 branch

Inventory:

Armour
 a - a +0 robe (worn)
 c - an orb of light (worn)
Scrolls
 i - a scroll of blinking
Potions
 b - a potion of ambrosia
 d - a potion of curing
 e - a potion of heal wounds
 f - a potion of haste
 g - 2 potions of magic
 h - a potion of berserk rage


   Skills:
 + Level 5.5 Fighting
 + Level 4.1 Dodging
 + Level 5.7 Unarmed Combat


You had 3 spell levels left.
You didn't know any spells.
Your spell library was empty.

Dungeon Overview and Level Annotations

Branches:
Dungeon (1/1)

Altars:


Innate Abilities, Weirdness & Mutations

You are immune to sickness and miasma.
Your stone body is resilient. (AC +3)
You are immune to poison.
You resist negative energy. (rN+)
You are resistant to electric shocks. (rElec)
You are resistant to unholy torment.
You are immune to petrification.


Message History

You have reached level 3!
Your experience leads to an increase in your attributes!
Increase (S)trength, (I)ntelligence, or (D)exterity?
You feel stronger. x2
You hit the hound.
The hound is lightly wounded.
The hound pauses to sniff the ground.
The hound bites you but does no damage.
You hit the hound.
The hound is moderately wounded.
The hound completely misses you. The hound barely misses you.
You closely miss the hound.
The hound is moderately wounded.
The hound bites you but does no damage.
You hit the hound.
The hound is heavily wounded.
The hound closely misses you. The hound completely misses you.
You punch the hound!
The hound is almost dead.
The hound pauses to sniff the ground.
The hound bites you.
* * * LOW HITPOINT WARNING * * *
You barely miss the hound.
The hound is almost dead.
The hound bites you.
* * * LOW HITPOINT WARNING * * *
You barely miss the hound.
The hound is almost dead.
The hound bites you.
* * * LOW HITPOINT WARNING * * *
The hound completely misses you.
You hit the hound.
You kill the hound!
Your Dodging skill increases to level 4!
Your Unarmed Combat skill increases to level 5!
You have reached level 4!
You feel stronger.
You hit the iguana but do no damage. The iguana closely misses you.
You hit the iguana but do no damage. The iguana bites you!
You die...

▓+▓
▓.▓
▓.▓
▓.▓
▓S▓
▓o▓
▓l▓
▓@▓
▓.▓
▓.▓
▓.▓
▓.▓
▓)▓
▓.▓
▓.▓
▓.▓


You could see an iguana, an adder and an orc.

Vanquished Creatures
  A hound (D)
  An iguana (D)
  A bat (D)
  2 goblins (D)
  A hobgoblin (D)
  A frilled lizard (D)
7 creatures vanquished.

Notes
Turn   | Place    | Note
-------+----------+-------------------------------------------
     0 | D        | DiggyJ the Gargoyle Monk began the quest for the Orb.
     0 | D        | Reached XP level 1. HP: 14/14 MP: 1/1
    61 | D        | Noticed an iguana
    61 | D        | Noticed a hound
    61 | D        | Noticed an iguana
    69 | D        | Killed an iguana
    70 | D        | Reached skill level 5 in Fighting
    70 | D        | Reached XP level 2. HP: 6/21 MP: 2/2
    70 | D        | Reached XP level 3. HP: 8/26 MP: 3/3
    78 | D        | Reached skill level 5 in Unarmed Combat
    78 | D        | Reached XP level 4. HP: 2/31 MP: 4/4
    79 | D        | Mangled by an iguana

Illustrated notes

Levels and vault maps discovered:
D:        linesprint [early_d, line_temple, items_1, d_10, items_2, lair_1,
          lair_end, items_3, orc_1, orc_end, items_4, d_15, swamp_1, shoals_1,
          snake_1, spider_1, d_20, vaults_1, items_5, swamp_end, shoals_end,
          snake_end, spider_end, vaults_end, d_27, items_6, zot_1, zot_end,
          crypt_end, forest_end, elf_end, slime_end, tomb_end, abyss_end,
          pan_hell_end]

Skill      XL: |  1  2  3 |
---------------+----------+-----
Fighting       | 5 |  5.5
Dodging        | 3 4 |  4.1
Unarmed Combat | 4 5 |  5.7

Action                     |  1- 3 |  4- 6 || total
---------------------------+-------+-------++-------
  Melee: Unarmed           |    39 |     2 ||    41
 Armour: Robe              |    22 |     1 ||    23
  Dodge: Dodged            |    16 |     1 ||    17
